 Dungeon Crawl Stone Soup version 0.26-a0-712-ga5a9c9c9d0 (webtiles) character file.

Game seed: 1510627995748019360

1885 Lanoc the Poker (level 9, -3/62 HPs)
             Began as an Octopode Abyssal Knight on Nov 5, 2020.
             Was a Believer of Lugonu.
             Slain by a wight
             ... wielding a +3 short sword
              (8 damage)
             ... on level 7 of the Dungeon.
             The game lasted 00:07:36 (5396 turns).

Lanoc the Poker (Octopode Abyssal Knight)           Turns: 5396, Time: 00:07:37

Health: -3/62      AC:  1    Str: 11    XL:     9   Next: 14%
Magic:  13/13      EV: 15    Int: 14    God:    Lugonu [**....]
Gold:   259        SH:  0    Dex: 21    Spells: 8/8 levels left

rFire    . . .     SeeInvis .   y - +3 trident
rCold    + . .     Faith    .   (no shield)
rNeg     . . .     Spirit   .   (helmet restricted)
rPois    +         Reflect  .   (no amulet)
rElec    .         Harm     .   u - +6 ring of dexterity
rCorr    .         Rampage  .   j - ring of protection from cold
MR       .....                  m - ring of poison resistance
Stlth    +++.......             (no ring)
HPRegen  0.20/turn              (no ring)
MPRegen  0.13/turn              (no ring)
                                (no ring)
                                (no ring)

@: heavily drained
A: almost no armour, stealthy swim, amphibious, 8 rings, constrict 8, camouflage
1, gelatinous body 1
a: Depart the Abyss, Bend Space, Renounce Religion


You were on level 7 of the Dungeon.
You worshipped Lugonu.
Lugonu was pleased with you.
You visited 2 branches of the dungeon, and saw 9 of its levels.
You visited the Abyss 1 time.

You collected 259 gold pieces.

Inventory:

Hand Weapons
 y - a +3 trident (weapon)
Missiles
 h - 8 datura-tipped darts (quivered)
Jewellery
 j - a ring of protection from cold (right tentacle)
 m - a ring of poison resistance (on tentacle)
 u - a +6 ring of dexterity (left tentacle)
Wands
 i - a wand of digging (8)
 p - a wand of random effects (7)
 r - a wand of disintegration (12)
 s - a wand of paralysis (9)
 v - a wand of iceblast (2)
Scrolls
 b - a scroll of enchant armour {unknown}
 e - a scroll of fog
 f - a scroll of fear {unknown}
 g - 6 scrolls of remove curse
 k - 5 scrolls of teleportation {unknown}
 n - 3 scrolls of magic mapping {unknown}
 o - 3 scrolls of blinking
 t - a scroll of amnesia
Potions
 a - a potion of mutation {unknown}
 c - a potion of invisibility
 d - 3 potions of brilliance
 l - a potion of curing
 q - a potion of ambrosia
 w - a potion of flight {unknown}
 x - a potion of stabbing {unknown}


   Skills:
 + Level 5.9(3.3) Fighting
 * Level 7.6(4.8) Polearms
 + Level 5.6(3.0) Dodging
 + Level 6.0(3.3) Invocations


You had 8 spell levels left.
You didn't know any spells.
Your spell library contained the following spells:

 Spells                   Type           Power        Failure   Level
 Magic Dart               Conj           #...         28%         1
 Searing Ray              Conj           #.....       41%         2
 Dazzling Flash           Conj/Hex       #.....       65%         3
 Fulminant Prism          Conj/Hex       #.........   96%         4
 Iskenderun's Mystic Bla  Conj/Tloc      #.......     96%         4


Dungeon Overview and Level Annotations

Branches:
Dungeon (8/15)             Temple (1/1) D:6
   Lair: D:8-11

Altars:
Fedhas
Gozag
Kikubaaqudgha
Makhleb
Nemelex Xobeh
Okawaru
Wu Jian
Yredelemnul

Shops:
D:7 [

Annotations:
D:7 2 transporters, MrElk's ghost, novice GnWn


Innate Abilities, Weirdness & Mutations

You cannot wear most types of armour.
You are very stealthy in the water. (Stealth+)
You are amphibious.
You can wear up to eight rings at the same time.
You can use your tentacles to constrict eight enemies at once.
Your skin changes colour to match your surroundings (Stealth+).
Your rubbery body absorbs attacks. (AC +1, EV +1)


Message History

The wight hits you from afar with a +1 halberd of venom!
The wight hits you with a +0 spear!
You feel drained.
You climb upwards.
Level annotation: 2 transporters, MrElk's ghost, novice GnWn
There is a stone staircase leading down here.
You are too injured to fight recklessly!
You barely miss the wight. Your grab misses the wight.
The wight is heavily damaged.
The wight hits you with a +3 short sword.
* * * LOW HITPOINT WARNING * * *
The wight misses you.
You hit the wight. Your grab misses the wight.
The wight is severely damaged.
The wight hits you but does no damage. The wight hits you with a +0 spear!
* * * LOW HITPOINT WARNING * * *
You feel drained.
* * * LOW HITPOINT WARNING * * *
The wight misses you.
The wight hits you with a +3 short sword!
You die...

....###'#.##..#.##..#..........#
###...'_'..##......##..........#
##..#+#...##....####........##
####.....(...##''##.###......##
#....................####.####
#.#..##..............# #..#
..#..................# ##.#
###..<..###......z..## #.#
###....##......z@..##### #.#####
#..(.#.##.####..##.....###.....#
..........# #..#####..........#
..........# #### ######......#
.........## _ #8## #.######
.........# 8.. ...8##..#
.........#####... ....###.#
............#8... ....>#..#
.#.....####.##... ....##..##


You could see 2 wights.

Vanquished Creatures
  Prince Ribbit (D:5)
  Eustachio (D:5)
  3 phantoms
  An ogre (D:6)
  A centaur (D:7)
  A big kobold (D:7)
  2 bullfrogs
  A water moccasin skeleton (D:6)
  A scorpion (D:4)
  5 wights
  2 hounds
  A jelly (D:6)
  3 orc priests
  A bullfrog skeleton (D:3)
  5 orc wizards
  2 iguanas
  2 worker ants (D:7)
  A hound zombie (D:5)
  7 adders
  5 gnolls
  A white imp (D:5)
  3 leopard geckos
  13 orcs
  2 giant cockroaches (D:3)
  2 goblins (D:3)
  7 hobgoblins
  2 jackals (D:3)
  6 quokkas
  3 bats
  2 frilled lizards (D:3)
  10 kobolds
  2 quokka skeletons
99 creatures vanquished.

Notes
Turn   | Place    | Note
-------+----------+-------------------------------------------
     0 | Abyss:1  | Lanoc the Octopode Abyssal Knight began the quest for the
                  | Orb.
     0 | Abyss:1  | Reached XP level 1. HP: 16/16 MP: 2/2
    50 | Abyss:1  | Noticed an apocalypse crab
    52 | D:1      | Escaped the Abyss
   144 | D:2      | Reached XP level 2. HP: 17/21 MP: 3/3
   306 | D:2      | Reached XP level 3. HP: 9/26 MP: 4/4
   598 | D:3      | Reached * piety under Lugonu
   758 | D:3      | Reached skill level 3 in Polearms
   758 | D:3      | Reached XP level 4. HP: 28/31 MP: 4/6
   895 | D:3      | Found an iron altar of Okawaru.
  1096 | D:3      | Found a basalt altar of Yredelemnul.
  1176 | D:3      | Reached XP level 5. HP: 36/36 MP: 7/7
  1356 | D:3      | Found a blossoming altar of Fedhas.
  1558 | D:4      | Reached skill level 4 in Polearms
  1785 | D:4      | Reached XP level 6. HP: 36/43 MP: 8/8
  2113 | D:4      | Found a burning altar of Makhleb.
  2312 | D:5      | Entered Level 5 of the Dungeon
  2342 | D:5      | Reached ** piety under Lugonu
  2389 | D:5      | Noticed Eustachio
  2415 | D:5      | Killed Eustachio
  2415 | D:5      | Reached skill level 5 in Polearms
  2415 | D:5      | Reached XP level 7. HP: 22/49 MP: 8/10
  2938 | D:5      | Noticed Prince Ribbit
  2956 | D:5      | Killed Prince Ribbit
  3352 | D:6      | Reached XP level 8. HP: 48/54 MP: 11/11
  3494 | D:6      | Reached skill level 5 in Fighting
  3494 | D:6      | Reached skill level 6 in Polearms
  3611 | D:6      | Found an opulent altar of Gozag.
  3637 | D:6      | Reached skill level 5 in Invocations
  3687 | D:6      | Found a staircase to the Ecumenical Temple.
  3894 | Temple   | Entered the Ecumenical Temple
  3950 | D:7      | Found an ancient bone altar of Kikubaaqudgha.
  3963 | D:7      | Reached skill level 5 in Dodging
  4067 | D:7      | Found a transporter.
  4090 | D:7      | Reached skill level 7 in Polearms
  4285 | D:7      | Noticed MrElk's ghost (novice GnWn)
  4297 | D:7      | Noticed a moth of wrath
  4313 | D:7      | Found a transporter.
  4344 | D:7      | Found Heiny Powuhu's Antique Armour Shop.
  4515 | D:7      | Reached XP level 9. HP: 43/62 MP: 13/13
  5096 | D:7      | Reached *** piety under Lugonu
  5332 | D:7      | Found a sparkling altar of Nemelex Xobeh.
  5332 | D:7      | Found an ornate altar of the Wu Jian Council.
  5396 | D:7      | Slain by a wight

Illustrated notes

Levels and vault maps discovered:
D:1:      psy_arrival_conway, layout_basic
D:2:      layout_rooms, moated_statue
D:3:      layout_loops_ring, fedhas_altar_1, yredelemnul_altar_generic,
          okawaru_altar_gauntlet_db
D:4:      layout_cave_pools, old_standard_altar
D:5:      wander_river, layout_gridville, uniq_eustachio, uniq_prince_ribbit1
D:6:      layout_basic, grunt_gozag_breadcrumbs,
          minmay_temple_entry_purple_smoke
D:7:      layout_rooms, nicolae_overflow_hidden_temple, kennysheep_mini,
          serial_shops, nicolae_shop_crystal, gammafunk_ghost_berserking_beasts,
          kennysheep_generic_room_3
D:8:      layout_layer_cave, lair_entry_dummy
Temple:   hc_temple_tempest_star

Skill      XL: |  1  2  3  4  5  6  7  8  9 |
---------------+----------------------------+-----
Polearms       | 3 4 5 7 |  7.6
Dodging        | 3 4 5 |  5.6
Invocations    | 3 4 5 6 |  6.0
Fighting       | 4 5 |  5.9

Action                   |  1- 3 |  4- 6 |  7- 9 || total
-------------------------+-------+-------+-------++-------
Melee: Spear             |    38 |   114 |   199 ||   351
       Constrict         |     9 |    25 |    32 ||    66
       Tentacles         |     7 |    19 |    45 ||    71
       Trident           |       |       |    36 ||    36
Invok: Depart the Abyss  |     1 |       |       ||     1
Evoke: Wand              |       |       |     1 ||     1
  Use: Scroll            |     1 |     2 |     9 ||    12
       Potion            |     1 |       |     2 ||     3
 Stab: Sleeping          |     1 |     5 |     6 ||    12
Armor: Skin              |     1 |       |     3 ||     4
Dodge: Dodged            |    24 |    52 |   111 ||   187

Table legend: (Time is in decaauts)
 A = Elapsed time spent in this place.
 B = Non-inter-level travel time spent in this place.
 C = Inter-level travel time spent in this place.
 D = Time resting spent in this place.
 E = Time spent auto-exploring this place.
 F = Levels seen in this place.
 G = Mean time per level.
                   A        B        C        D        E       F      G
               +--------+--------+--------+--------+--------+-----+--------+
         Total |   5342 |   5250 |     92 |    348 |   4110 |  10 |  534.2 |
       Dungeon |   5288 |   5196 |     92 |    348 |   4060 |   8 |  661.0 |
        Temple |      1 |      1 |      0 |      0 |      0 |   1 |    1.0 |
         Abyss |     52 |     52 |      0 |      0 |     50 |   1 |   52.0 |
               +--------+--------+--------+--------+--------+-----+--------+

Top non-repeatable levels by time:
     D:3: 1214 daAuts
     D:7: 1163 daAuts
     D:5: 983 daAuts
     D:6: 878 daAuts
     D:4: 780 daAuts
     D:2: 206 daAuts
     D:1: 55 daAuts
 Abyss:1: 52 daAuts
     D:8: 5 daAuts
  Temple: 1 daAuts
